 Dungeon Crawl Stone Soup version 0.27.1-16-g815e20cd7a (webtiles) character file.

Game seed: 8783075343999376608

2004 spaced the Blocker (level 9, -3/78 HPs)
             Began as a Minotaur Fighter on Nov 22, 2021.
             Was an Initiate of Trog.
             Slain by Joseph (13 damage)
             ... on level 7 of the Dungeon.
             The game lasted 00:33:55 (7966 turns).

spaced the Blocker (Minotaur Fighter)               Turns: 7966, Time: 00:33:55

Health: -3/78      AC:  6    Str: 24    XL:     9   Next: 2%
Magic:  8/8        EV:  9    Int:  5    God:    Trog [......]
Gold:   116        SH: 16    Dex: 10    Spells: 8/8 levels left

rFire    . . .     SeeInvis +   q - +0 scimitar
rCold    . . .     Faith    .   c - +0 kite shield
rNeg     . . .     Spirit   .   K - +3 scale mail {rPois}
rPois    +         Reflect  +   (helmet restricted)
rElec    .         Harm     .   (no cloak)
rCorr    .         Rampage  .   w - +1 pair of gloves
Will     +....                  k - +0 pair of boots
Stlth    ..........             u - amulet of reflection
HPRegen  0.23/turn              r - ring of see invisible
MPRegen  0.11/turn              x - ring of willpower

@: corroded
A: horns 2, retaliatory headbutt
a: Renounce Religion


You were on level 7 of the Dungeon.
You worshipped Trog.
Trog was noncommittal.
You visited 2 branches of the dungeon, and saw 8 of its levels.

You collected 354 gold pieces.
You spent 238 gold pieces at shops.

Inventory:

Hand Weapons
 a - a +0 long sword
 q - a +0 scimitar (weapon)
 A - a +0 dagger
 J - a +0 vorpal flail
 N - a +1 hand axe of electrocution
Missiles
 h - 24 poisoned darts (quivered)
 m - 2 throwing nets
 z - 5 curare-tipped darts
Armour
 b - a +0 scale mail
 c - a +0 kite shield (worn)
 j - a +0 pair of boots
 k - a +0 pair of boots (worn)
 w - a +1 pair of gloves (worn)
 I - a +0 chain mail
 K - a +3 scale mail of poison resistance (worn)
Jewellery
 o - an amulet of faith
 r - a ring of see invisible (left hand)
 u - an amulet of reflection (around neck)
 x - a ring of willpower (right hand)
 P - a ring of willpower
Wands
 G - a wand of mindburst (12)
 H - a wand of polymorph (7)
Scrolls
 f - a scroll of blinking
 g - a scroll of vulnerability
 s - 2 scrolls of teleportation
 y - a scroll of holy word {unknown}
 B - a scroll of enchant armour {unknown}
 C - a scroll of immolation {unknown}
 F - a scroll of noise {unknown}
 L - a scroll of acquirement {unknown}
 M - a scroll of amnesia {unknown}
 O - a scroll of fog {unknown}
Potions
 d - a potion of berserk rage {unknown}
 e - a potion of cancellation {unknown}
 i - 4 potions of curing
 l - 2 potions of flight {unknown}
 n - 4 potions of mutation
 p - a potion of magic {unknown}
 t - a potion of heal wounds
 v - a potion of might
 D - a potion of ambrosia {unknown}
 E - a potion of haste {unknown}


   Skills:
 + Level 6.6 Fighting
 + Level 7.7 Long Blades
 + Level 7.1 Armour
 + Level 3.2 Dodging
 + Level 1.0 Stealth
 + Level 8.5 Shields


You had 8 spell levels left.
You didn't know any spells.
Your spell library contained the following spells:

 Spells                   Type           Power      Damage    Failure   Level
 Freezing Cloud           Conj/Ice/Air   0%         6-21      100%        5
 Simulacrum               Ice/Necr       0%         N/A       100%        6
 Polar Vortex             Ice            0%         N/A       100%        9


Dungeon Overview and Level Annotations

Branches:
Dungeon (7/15)             Temple (1/1) D:6

Altars:
Ashenzari
Cheibriados
Dithmenos
Elyvilon
Fedhas
Hepliaklqana
Kikubaaqudgha
Makhleb
Nemelex Xobeh
Qazlal
Sif Muna
Trog
Vehumet
Wu Jian
Yredelemnul
Zin
The Shining One

Shops:
D:2 (*[   D:6 [:?   D:7 *

Annotations:
D:2 Sigmund
D:7 Joseph


Innate Abilities, Weirdness & Mutations

You have a pair of horns on your head.
You reflexively headbutt those who attack you in melee.


Message History

You slash Joseph! You headbutt Joseph!
Joseph is moderately wounded.
You block Joseph's attack.
You slash Joseph! Your headbutt misses Joseph.
Joseph is moderately wounded.
Joseph says, "I'm happy to see you. And I'll be happy to kill you."
Joseph hits you with a +0 quarterstaff!
You hit Joseph but do no damage.
Joseph is moderately wounded.
You block Joseph's attack.
You slash Joseph!
Joseph is heavily wounded.
You block Joseph's attack. Joseph hits you with a +0 quarterstaff.
Aiming: Mindburst
Press: ? - help, Shift-Dir - straight line, f/p - Joseph
Aim: Joseph, wielding a +0 quarterstaff, wearing a +0 leather armour, quivering sling bullets and carrying a wand of acid (4) (heavily wounded, chance to affect: 48%) Joseph's mind is blasted!!
Joseph zaps a wand.
The bolt of acid hits you!
* * * LOW HITPOINT WARNING * * *
The acid corrodes you!
You are splashed with acid!
* * * LOW HITPOINT WARNING * * *
You feel better. Joseph hits you with a +0 quarterstaff.
* * * LOW HITPOINT WARNING * * *
You feel much better. Joseph hits you with a +0 quarterstaff!
You slash Joseph!
Joseph is almost dead.
Joseph hits you with a +0 quarterstaff.
You slash Joseph!
Joseph is almost dead.
Joseph zaps a wand.
The bolt of acid misses you.
You hit Joseph.
Joseph is almost dead.
You block Joseph's attack.
You barely miss Joseph.
Joseph is almost dead.
Joseph zaps a wand.
The bolt of acid hits you!
* * * LOW HITPOINT WARNING * * *
The acid corrodes you!
You are splashed with acid!
* * * LOW HITPOINT WARNING * * *
You feel better. Joseph hits you with a +0 quarterstaff!
You die...

###.##.....### # # ##
....#........ #.#.#.
##..........# #.#.#.
#...........# .....
#...#.8...# #.# #.#.
#........# #.# #...
#..>.@.<.# #.# ####.
#....†@..####.#####....
#+##.8###.........#.##.
#.....##
#.###.#†#.#.##.
#.....##
#.###.....#.##. #......
#.#.#..)..#.##. .......
###.........#....
.......
+................
.......
###....####.###.#
#...... #.........# #.#


You could see Joseph.

Vanquished Creatures
  Prince Ribbit (D:7)
  Edmund (D:6)
  2 black bears (D:6)
  An ice beast (D:5)
  2 necrophages
  A centaur (D:5)
  The ghost of styxcanada the Sneak, an amateur SpBr (D:3)
  A scorpion (D:7)
  2 wyvern skeletons
  2 howler monkeys (D:7)
  A gnoll shaman (D:7)
  2 orc priests (D:5)
  A bullfrog skeleton (D:6)
  4 hounds
  4 jellies
  3 centaur skeletons
  5 iguanas
  2 orc wizards
  A killer bee zombie (D:6)
  A hound skeleton (D:5)
  A howler monkey skeleton (D:7)
  4 gnolls (D:7)
  6 adders
  2 shadow imps (D:6)
  3 ufetubi
  A dart slug (D:4)
  13 orcs
  5 bats
  11 endoplasms
  2 giant cockroaches (D:4)
  5 goblins
  6 hobgoblins
  4 jackals (D:3)
  10 kobolds
  8 quokkas
  6 ball pythons
  5 frilled lizards
  4 rats
134 creatures vanquished.

Notes
Turn   | Place    | Note
-------+----------+-------------------------------------------
     0 | D:1      | spaced the Minotaur Fighter began the quest for the Orb.
     0 | D:1      | Reached XP level 1. HP: 19/19 MP: 0/0
   179 | D:1      | Reached XP level 2. HP: 27/27 MP: 1/1
   207 | D:1      | Reached skill level 4 in Shields
   734 | D:2      | Reached XP level 3. HP: 33/33 MP: 2/2
   742 | D:2      | Found Juschuid's Armour Emporium.
   900 | D:2      | Found Laumiaq's Assorted Antiques.
  1129 | D:2      | Noticed Sigmund
  1274 | D:2      | Found Heusih's Antique Weapon Emporium.
  3029 | D:3      | Reached XP level 4. HP: 40/40 MP: 3/3
  3058 | D:3      | Found a glowing silver altar of Zin.
  3270 | D:3      | Found a runed translucent door.
  3271 | D:3      | Noticed styxcanada's ghost (amateur SpBr)
  3285 | D:3      | Killed styxcanada's ghost
  3286 | D:3      | Reached skill level 1 in Dodging
  3286 | D:3      | Reached XP level 5. HP: 44/47 MP: 4/4
  3316 | D:3      | Reached skill level 5 in Armour
  3523 | D:3      | Found a shadowy altar of Dithmenos.
  4129 | D:4      | Found a sparkling altar of Nemelex Xobeh.
  4136 | D:4      | Reached skill level 5 in Shields
  4452 | D:4      | Reached XP level 6. HP: 43/53 MP: 5/5
  4857 | D:5      | Entered Level 5 of the Dungeon
  4970 | D:5      | Reached skill level 5 in Long Blades
  5236 | D:5      | Reached skill level 5 in Fighting
  5236 | D:5      | Reached XP level 7. HP: 61/61 MP: 6/6
  5430 | D:5      | Reached skill level 6 in Shields
  5782 | D:5      | Found a radiant altar of Vehumet.
  6448 | D:6      | Reached XP level 8. HP: 59/70 MP: 7/7
  6537 | D:6      | Reached skill level 7 in Shields
  6553 | D:6      | Found a staircase to the Ecumenical Temple.
  6577 | Temple   | Entered the Ecumenical Temple
  6778 | Temple   | Became a worshipper of Trog the Wrathful
  6991 | D:6      | Found Itsuex's Magic Scroll Shoppe.
  7035 | D:6      | Found Focotysk's Book Boutique.
  7067 | D:6      | Found Can Sao's Antique Armour Shop.
  7070 | D:6      | Noticed Edmund
  7096 | D:6      | Killed Edmund
  7238 | D:6      | Bought a glowing scale mail for 238 gold pieces
  7772 | D:7      | Reached skill level 8 in Shields
  7854 | D:7      | Noticed Prince Ribbit
  7872 | D:7      | Killed Prince Ribbit
  7873 | D:7      | Reached skill level 1 in Stealth
  7936 | D:7      | Found Ravuph's General Store.
  7940 | D:7      | Noticed Joseph
  7953 | D:7      | Reached XP level 9. HP: 46/78 MP: 8/8
  7965 | D:7      | HP: 2/78 [acid (15)]
  7966 | D:7      | Slain by Joseph

Illustrated notes

Levels and vault maps discovered:
D:1:      tarquinn_simple_flora_water_d, layout_basic
D:2:      layout_loops_ring, serial_shops, shop, shop_fountains,
          nicolae_shop_statue_plus, ebering_dispersal_statue_hall, uniq_sigmund
D:3:      layout_basic, mainiacjoe_overflow_alcove_2,
          mainiacjoe_overflow_tiny_flanked, gammafunk_ghost_grave,
          minmay_misc_feat_room
D:4:      layout_cave_pools, lemuel_crystal_altar
D:5:      layout_basic, kennysheep_little_box, kennysheep_generic_room_11
D:6:      layout_basic, minmay_temple_entry_overgrown, serial_shops,
          kennysheep_mini_moat, kennysheep_mini, shop, uniq_edmund
D:7:      layout_loops_corners, nicolae_uskayaw_en_pointe, serial_shops,
          nicolae_stop_n_shop_2, amcnicky_mini_pool_medium, uniq_prince_ribbit1,
          uniq_crazy_yiuf_cottage, uniq_joseph, uniq_pikel
Temple:   nicolae_temple_god_jail

Skill      XL: |  1  2  3  4  5  6  7  8 |
---------------+-------------------------+-----
Fighting       | 4 5 6 |  6.6
Shields        | 4 5 6 8 |  8.5
Armour         | 4 5 6 7 |  7.1
Long Blades    | 3 4 5 6 7 |  7.7
Dodging        | 1 2 3 |  3.2
Stealth        | 1 |  1.0

Action                   |  1- 3 |  4- 6 |  7- 9 || total
-------------------------+-------+-------+-------++-------
Melee: Long sword        |   107 |    57 |       ||   164
       Headbutt          |    15 |    19 |    45 ||    79
       Unarmed           |    10 |       |       ||    10
       Scimitar          |       |    57 |   215 ||   272
Throw: Dart              |       |     1 |       ||     1
Evoke: Wand              |       |       |     2 ||     2
  Use: Scroll            |     3 |       |     3 ||     6
       Potion            |     1 |       |     3 ||     4
Armor: Scale mail        |    57 |    68 |    78 ||   203
       Chain mail        |       |       |     3 ||     3
Dodge: Dodged            |    29 |    47 |    60 ||   136
Block: Kite shield       |    61 |    62 |   223 ||   346
       Reflection        |       |     2 |     4 ||     6
       Rpst.: Long sword |     6 |     8 |       ||    14
       Scimitar          |       |     7 |    12 ||    19
